 Dungeon Crawl Stone Soup version 0.21-a0-434-g806c6c2 (webtiles) character file.

43 slep the Twirler (level 3, 0/26 HPs)
             Began as a Demonspawn Wanderer on Nov 9, 2017.
             Slain by a quokka (1 damage)
             ... on level 2 of the Dungeon.
             The game lasted 00:04:25 (775 turns).

slep the Twirler (Demonspawn Wanderer)               Turns: 775, Time: 00:04:25

Health: 0/26       AC:  2    Str: 10    XL:     3   Next: 37%
Magic:  3/3        EV: 12    Int: 16    God:
Gold:   41         SH:  0    Dex: 12    Spells: 2/2 levels left

rFire    . . .     SeeInvis .   a - +2 quarterstaff
rCold    + . .     Gourm    .   (shield currently unavailable)
rNeg     . . .     Faith    .   e - +0 robe
rPois    .         Spirit   .   (no helmet)
rElec    .         Reflect  .   (no cloak)
rCorr    .         Harm     .   (no gloves)
MR       .....                  (no boots)
Stlth    ++........             (no amulet)
HPRegen  0.08/turn              (no ring)
MPRegen  0.08/turn              (no ring)

@: no status effects
A: cold resistance 1, powered by pain 1
a: no special abilities


You were on level 2 of the Dungeon.
You were not hungry.

You visited 1 branch of the dungeon, and saw 2 of its levels.

You collected 41 gold pieces.

Inventory:

Hand Weapons
 a - a +2 quarterstaff (weapon)
 b - a +0 hand crossbow
Armour
 e - a +0 robe (worn)
Wands
 m - a wand of confusion (18/48)
Scrolls
 d - 2 scrolls of teleportation
 i - 2 scrolls of identify {unknown}
Potions
 g - 3 potions of resistance {unknown}
 h - 2 potions of brilliance {unknown}
 k - 3 potions of ambrosia {unknown}
 l - a potion of invisibility {unknown}
 n - a potion of lignification {unknown}
Comestibles
 f - 2 bread rations
 j - a meat ration


   Skills:
 + Level 1.2 Fighting
 + Level 3.1 Staves
 + Level 2.1 Crossbows
 + Level 1.0 Throwing
 + Level 2.0 Armour
 + Level 1.2 Dodging
 + Level 1.0 Stealth


You had 2 spell levels left.
You didn't know any spells.

Dungeon Overview and Level Annotations

Branches:
Dungeon (2/15)

Altars:


Innate Abilities, Weirdness & Mutations

Your flesh is cold resistant. (rC+)
You sometimes gain a little power by taking damage.


Message History

The jackal bites you.
* * * LOW HITPOINT WARNING * * *
Unknown command.
You hit the jackal but do no damage. The jackal closely misses you.
You hit the jackal.
The jackal is lightly wounded.
The jackal misses you. The jackal barely misses you.
You hit the jackal but do no damage.
The jackal is lightly wounded.
The jackal bites you but does no damage. x2
You barely miss the jackal.
The jackal is lightly wounded.
The jackal bites you but does no damage.
You closely miss the jackal.
The jackal is lightly wounded.
The jackal closely misses you. x2
You sock the jackal!
You kill the jackal!
You hit the quokka but do no damage. The quokka bites you.
You die...

... .. ..... .
(.#. .. .(.
... ..#.#..
.(.....
###(......
#.r((..(#
#@#...###
######.#..##
#.......#..$
#.####.#.###.
##.####.#.# ..
##.....#...# #
.......##.#.##
#..###.##...#
... #......# #


You could see a quokka.

Vanquished Creatures
  A worm (D:2)
  2 dart slugs
  4 leopard geckos
  3 giant cockroaches
  3 goblins (D:1)
  2 hobgoblins (D:1)
  5 jackals
  3 bats
  A frilled lizard (D:2)
  2 kobolds (D:1)
  4 rats
30 creatures vanquished.

Notes
Turn   | Place    | Note
-------+----------+-------------------------------------------
     0 | D:1      | slep the Demonspawn Wanderer began the quest for the Orb.
     0 | D:1      | slep set off with: a +2 quarterstaff, a +0 hand crossbow, 26 bolts, a scroll of teleportation, a +0 robe, a bread ration
     0 | D:1      | Reached XP level 1. HP: 15/15 MP: 1/1
   112 | D:1      | Gained mutation: Your flesh is cold resistant. (rC+) [demonic ancestry]
   112 | D:1      | Reached XP level 2. HP: 13/21 MP: 2/2
   282 | D:1      | Reached skill level 3 in Staves
   646 | D:2      | Gained mutation: You sometimes gain a little power by taking damage. [demonic ancestry]
   646 | D:2      | Reached XP level 3. HP: 21/26 MP: 3/3
   768 | D:2      | HP: 1/26 [jackal (1)]
   775 | D:2      | Slain by a quokka

Vault maps used:
D:1:      evilmike_arrival_plus
D:2:      st_stairs_14

Skill      XL: |  1  2  3 |
---------------+----------+-----
Armour         | 2 |  2.0
Staves         | 3 |  3.1
Crossbows      | 2 |  2.1
Fighting       | |  1.2
Throwing       | |  1.0
Dodging        | |  1.2
Stealth        | |  1.0

Action                   || total
-------------------------++-------
Melee: Quarterstaff      ||     7
 Fire: Hand crossbow     ||    76
Armor: Robe              ||    25
Dodge: Dodged            ||    61

Table legend:
 A = Spawn XP
 B = Non-spawn XP
 C = Spawn XP percentage of total XP
 D = Spawn monster count
 E = Non-spawn monster count
 F = Spawn count percentage of total count
 G = Total turns spent on level
                    A         B        C        D         E        F      G
               +---------+---------+-------+---------+---------+-------+---------
         Total |       0 |      62 |   0.0 |       0 |      30 |   0.0 |   775
               +---------+---------+-------+---------+---------+-------+---------
           D:1 |       0 |      33 |   0.0 |       0 |      18 |   0.0 |   609
           D:2 |       0 |      29 |   0.0 |       0 |      12 |   0.0 |   166
               +---------+---------+-------+---------+---------+-------+---------
